 Dungeon Crawl Stone Soup version 0.25-a0-949-gdd2af9e06e (webtiles) character file.

Game seed: 15360842157222768069, levelgen mode: deterministic

1923 tilp the Bolt Thrower (level 9, -10/55 HPs)
             Began as a Kobold Arcane Marksman on May 7, 2020.
             Was an Initiate of Okawaru.
             Mangled by an orc knight
             ... wielding a +0 halberd
              (32 damage)
             ... in a bailey on May 8, 2020.
             The game lasted 00:30:11 (11186 turns).

tilp the Bolt Thrower (Kobold Arcane Marksman)     Turns: 11186, Time: 00:30:12

Health: -10/55     AC: 11    Str: 10    XL:     9   Next: 39%
Magic:  21/21      EV: 17    Int: 15    God:    Okawaru [......]
Gold:   170        SH:  6    Dex: 15    Spells: 9/12 levels left

rFire    . . .     SeeInvis .   b - +0 spear (flame)
rCold    . . .     Gourm    .   o - +0 buckler {AC+3}
rNeg     + . .     Faith    .   k - +1 leather armour {rN+}
rPois    .         Spirit   .   n - +2 helmet
rElec    .         Reflect  .   i - +0 cloak
rCorr    .         Harm     .   (no gloves)
MR       .....                  (no boots)
Stlth    ++........             (no amulet)
HPRegen  0.18/turn              y - ring of magical power
MPRegen  0.17/turn              (no ring)

@: no status effects
A: small, carnivore
a: Renounce Religion


You were in a bailey.
You worshipped Okawaru.
Okawaru was noncommittal.
You were not hungry.

You visited 2 branches of the dungeon, and saw 8 of its levels.
You also visited: Bailey.

You collected 285 gold pieces.
You spent 115 gold pieces at shops.

Inventory:

Hand Weapons
 a - a +0 hand crossbow
 b - a +0 spear of flaming (weapon)
 e - a +0 flail
 s - a +2 vorpal falchion
 x - a +0 war axe
 A - a +0 scimitar
 C - a +3 trident
Missiles
 d - 15 bolts
 p - 18 poisoned darts (quivered)
 t - 9 boomerangs
Armour
 i - a +0 cloak (worn)
 k - a +1 leather armour of positive energy (worn)
 n - a +2 helmet (worn)
 o - a +0 buckler of protection (worn)
 q - a +2 crystal plate armour
Jewellery
 y - a ring of magical power (left hand)
Wands
 E - a wand of disintegration (11)
Scrolls
 h - a scroll of amnesia {unknown}
 m - a scroll of immolation {unknown}
 u - a scroll of enchant weapon {unknown}
 v - a scroll of fog {unknown}
 w - 4 scrolls of remove curse
Potions
 f - 2 potions of mutation
 g - a potion of lignification
 j - a potion of resistance
 z - a potion of magic
 B - a potion of curing
 F - a potion of heal wounds
Comestibles
 c - 16 rations


   Skills:
 - Level 6.0 Fighting
 - Level 6.0 Crossbows
 + Level 5.8 Dodging
 - Level 4.0 Stealth
 - Level 4.0 Shields
 - Level 2.0 Spellcasting
 - Level 6.0 Hexes


You had 9 spell levels left.
You knew the following spells:

 Your Spells              Type           Power        Failure   Level  Hunger
a - Corona                Hex            ###....      3%          1    #......
b - Slow                  Hex            ###.....     4%          2    ###....

Your spell library contained the following spells:

 Spells                   Type           Power        Failure   Level  Hunger
 Confusing Touch          Hex            ###.....     9%          3    ###....
 Cause Fear               Hex            ###.......   28%         4    #####..
 Inner Flame              Hex/Fire       ##......     30%         3    ###....
 Portal Projectile        Hex/Tloc       ##....       30%         3    ###....
 Leda's Liquefaction      Hex/Erth       ##........   69%         4    #####..
 Gell's Gravitas          Tloc           #.........   71%         3    ###....
 Metabolic Englaciation   Hex/Ice        ##........   95%         5    ######.
 Yara's Violent Unravell  Hex/Tmut       ##........   95%         5    ######.
 Petrify                  Tmut/Erth      #.......     98%         4    #####..


Dungeon Overview and Level Annotations

Branches:
Dungeon (7/15)             Temple (1/1) D:7          Bailey (1/1)

Altars:
Ashenzari
Cheibriados
Dithmenos
Elyvilon
Fedhas
Gozag
Hepliaklqana
Kikubaaqudgha
Makhleb
Nemelex Xobeh
Okawaru
Qazlal
Ru
Sif Muna
Trog
Uskayaw
Vehumet
Wu Jian
Xom
Yredelemnul
Zin
The Shining One

Shops:
D:4 [

Annotations:
D:4 1 runed translucent door, 2 transporters, Thantalas's ghost, novice OgBe
D:6 Dowan; Duvessa


Innate Abilities, Weirdness & Mutations

You are small and have problems with some larger weapons.
You are carnivorous and can eat meat at any time.


Message History

You start waiting.
Done waiting.
You open the door.
The orc warrior shouts!
The orc knight shouts!
The orc knight roars a battlecry!
The orcs go into a battle-frenzy!
The orc knight roars a battlecry!
There is an open door here.
The orc warrior misses you. The orc knight completely misses you.
The orc warrior hits you but does no damage.
The orc warrior hits you but does no damage.
The orc knight barely misses you. The orc knight completely misses you.
An orc knight comes into view. It is wielding a +0 halberd.
The orc knight hits you from afar with a +0 halberd!!
Ouch! That really hurt!
* * * LOW HITPOINT WARNING * * *
The orc knight hits you from afar with a +0 halberd!!
Ouch! That really hurt!
You die...

##.........## ##..≈≈≈≈≈≈≈..##
##..≈≈.....≈≈..##
#######..≈≈..###..≈≈..##########
........≈≈..##.##..≈≈..........#
≈≈≈≈≈≈≈≈≈..##.∩.##.)≈≈≈≈≈≈≈≈≈≈.#
....)))...##.....##.)........≈.#
)#########'###'#############.≈.#
.## #......@..#'...o.##.≈.# ..##
#..§≈≈§§≈≈.§# ##..≈.# ≈..##
##..≈≈(ooo.≈≈§.# ##.)≈≈.#
≈≈..#'#..§§§(⌠∩o..§§..# #..≈≈.##
≈≈..#'#..≈§§§.⌠..§≈§§.# #..≈≈.∩#
≈..##.##..§§.....§≈..## ##..≈≈.#
..##...'#..§≈§≈§≈§..## ##.)≈.#
.##.....##.........## $$.##.≈.#
)#############'### #####.≈.#


You could see 2 orc knights and 2 orc warriors.

Vanquished Creatures
  A hippogriff (D:7)
  Menkaure (D:5)
  3 orc warriors (Bailey)
  2 ice beasts (D:5)
  An ogre (D:5)
  5 wights
  A howler monkey (D:5)
  A crimson imp (D:5)
  A hound (D:4)
  A jelly (D:5)
  4 orc wizards
  5 orc priests
  2 iguanas
  Natasha (twice) (D:3)
  6 worker ants
  A killer bee zombie (D:5)
  A worker ant zombie (D:6)
  4 gnolls
  5 adders
  A shadow imp (D:6)
  2 oozes
  An adder zombie (D:6)
  A worm (D:2)
  A dart slug (D:1)
  A leopard gecko (D:6)
  30 orcs
  A ball python (D:5)
  9 bats
  3 giant cockroaches
  2 goblins
  9 hobgoblins
  2 jackals
  5 kobolds
  7 frilled lizards
  A jackal skeleton (D:5)
  3 rats (D:1)
126 creatures vanquished.

Vanquished Creatures (others)
  2 withered plants (D:4)
2 creatures vanquished.

Grand Total: 128 creatures vanquished

Notes
Turn   | Place    | Note
-------+----------+-------------------------------------------
     0 | D:1      | tilp the Kobold Arcane Marksman began the quest for the
                  | Orb.
     0 | D:1      | Reached XP level 1. HP: 12/12 MP: 2/2
   293 | D:1      | Reached XP level 2. HP: 4/17 MP: 0/3
   297 | D:1      | Learned a level 2 spell: Slow
  1208 | D:1      | Reached XP level 3. HP: 23/23 MP: 4/4
  2184 | D:2      | Reached XP level 4. HP: 29/29 MP: 0/5
  2616 | D:2      | Found a snail-covered altar of Cheibriados.
  2939 | D:3      | Reached XP level 5. HP: 33/33 MP: 3/6
  3689 | D:3      | Noticed Natasha
  3695 | D:3      | Killed Natasha
  3695 | D:3      | Reached skill level 5 in Crossbows
  3769 | D:4      | Reached XP level 6. HP: 22/38 MP: 5/7
  4067 | D:4      | Found a runed translucent door.
  4069 | D:4      | Noticed Thantalas's ghost (novice OgBe)
  4908 | D:4      | Reached XP level 7. HP: 43/43 MP: 7/10
  5060 | D:3      | Noticed Natasha
  5071 | D:3      | HP: 2/43 [Natasha (9)]
  5074 | D:3      | Killed Natasha
  5626 | D:4      | Reached skill level 5 in Hexes
  5690 | D:4      | Found a transporter.
  5875 | D:4      | Found Ushuqosch's Armour Shop.
  5888 | D:4      | Bought a +0 buckler of protection for 115 gold pieces
  5966 | D:4      | Found a transporter.
  6032 | D:5      | Entered Level 5 of the Dungeon
  6246 | D:5      | Noticed Menkaure
  6252 | D:5      | Killed Menkaure
  6519 | D:5      | Upgraded the game from 0.25-a0-942-g87a53962fc to
                  | 0.25-a0-949-gdd2af9e06e
  6568 | D:5      | Reached skill level 1 in Shields
  6568 | D:5      | Reached XP level 8. HP: 37/48 MP: 11/11
  7698 | D:5      | HP: 1/48 [ice beast (13)]
  9302 | D:5      | Reached skill level 1 in Stealth
  9540 | D:6      | Noticed Duvessa
  9540 | D:6      | Noticed Dowan
  9643 | D:6      | Reached XP level 9. HP: 53/53 MP: 12/12
  9930 | D:7      | Found a staircase to the Ecumenical Temple.
  9952 | Temple   | Entered the Ecumenical Temple
  9993 | Temple   | Became a worshipper of Warmaster Okawaru
 10056 | D:7      | Found a flagged portal.
 10063 | D:7      | Noticed a hippogriff
 10083 | D:7      | Killed a hippogriff
 10083 | D:7      | Reached skill level 5 in Fighting
 10117 | Bailey   | Entered a bailey
 10367 | Bailey   | Noticed an orc knight
 10481 | Bailey   | Reached skill level 5 in Dodging
 10743 | Bailey   | Noticed an orc knight
 11184 | Bailey   | Noticed an orc knight
 11186 | Bailey   | Mangled by an orc knight

Levels and vault maps discovered:
D:1:      roderic_dead_forest, layout_rooms, grunt_decor_clamped
D:2:      layout_loops_ring, marbit_many_paths, first_ration
D:3:      layout_loops_corners, uniq_natasha
D:4:      gammafunk_steamed_eel, layout_gridville, gammafunk_ghost_grave,
          serial_shops, nicolae_shop_waterfront
D:5:      layout_basic, uniq_menkaure
D:6:      layout_basic, hex_tiny, minmay_misc_feat_tiny, uniq_blork_the_orc,
          uniq_duvessa
D:7:      layout_rooms, minmay_temple_entry_glass, enter_bailey_1, the_bakery
Temple:   kilobyte_greek_temple
Bailey:   bailey_polearm_1, bailey

Skill      XL: |  1  2  3  4  5  6  7  8  9 |
---------------+----------------------------+-----
Fighting       | 2 3 4 6 |  6.0
Crossbows      | 4 5 6 |  6.0
Spellcasting   | 2 |  2.0
Hexes          | 6 |  6.0
Shields        | 1 4 |  4.0
Stealth        | 3 4 |  4.0
Dodging        | 3 5 |  5.8

Action                   |  1- 3 |  4- 6 |  7- 9 || total
-------------------------+-------+-------+-------++-------
Melee: Spear             |    84 |    82 |   323 ||   489
       Dagger            |    20 |       |       ||    20
       Scimitar          |       |       |    12 ||    12
 Fire: Hand crossbow     |    29 |    54 |   115 ||   198
Throw: Dart              |       |       |    55 ||    55
 Cast: Corona            |    25 |    30 |    45 ||   100
       Slow              |       |     3 |    43 ||    46
Evoke: Wand              |       |       |     7 ||     7
  Use: Scroll            |       |     5 |     6 ||    11
       Potion            |       |       |     6 ||     6
 Stab: Sleeping          |       |     1 |       ||     1
  Eat: Chunk             |    13 |    10 |    19 ||    42
Armor: Robe              |    17 |     5 |       ||    22
       Leather armour    |       |    12 |    96 ||   108
       Skin              |       |       |     1 ||     1
Dodge: Dodged            |    86 |    64 |   252 ||   402
Block: Buckler           |       |       |    37 ||    37
       Rpst.: Scimitar   |       |       |     3 ||     3

Table legend:
 A = Non-vault XP
 B = Vault XP
 C = Vault XP percentage of total XP
 D = Non-vault monster count
 E = Vault monster count
 F = Vault count percentage of total count
                 A         B        C        D         E       F
            +---------+---------+-------+---------+---------+-------
      Total |    2124 |     624 |  22.7 |     110 |      16 |  12.7
            +---------+---------+-------+---------+---------+-------
        D:1 |      37 |       0 |   0.0 |      21 |       0 |   0.0
        D:2 |      77 |       2 |   2.5 |      12 |       1 |   7.7
        D:3 |     153 |      36 |  19.0 |      15 |       1 |   6.2
        D:4 |     462 |       0 |   0.0 |      27 |       0 |   0.0
        D:5 |     832 |     157 |  15.9 |      19 |       1 |   5.0
        D:6 |     258 |       0 |   0.0 |      10 |       0 |   0.0
        D:7 |     305 |       0 |   0.0 |       6 |       0 |   0.0
     Bailey |       0 |     429 | 100.0 |       0 |      13 | 100.0
            +---------+---------+-------+---------+---------+-------
